 Dungeon Crawl Stone Soup version 0.25-a0-482-g9b3b753f3f (webtiles) character file.

Game seed: 3498633628563805131, levelgen mode: deterministic

73 Emblim88 the Ruffian (level 4, -1/45 HPs)
             Began as a Troll Monk on Feb 10, 2020.
             Was a Believer of Zin.
             Slain by a gnoll
             ... wielding a +3 spear
              (9 damage)
             ... on level 3 of the Dungeon.
             The game lasted 00:01:56 (1589 turns).

Emblim88 the Ruffian (Troll Monk)                   Turns: 1589, Time: 00:01:57

Health: -1/45      AC:  6    Str: 20    XL:     4   Next: 8%
Magic:  3/3        EV: 10    Int:  6    God:    Zin [**....]
Gold:   56         SH:  0    Dex: 12    Spells: 3/3 levels left

rFire    . . .     SeeInvis .     - Unarmed
rCold    . . .     Gourm    +   (no shield)
rNeg     . . .     Faith    .   a - +0 robe
rPois    .         Spirit   .   (helmet restricted)
rElec    .         Reflect  .   (no cloak)
rCorr    .         Harm     .   (gloves unavailable)
MR       .....                  (boots unavailable)
Stlth    ++........             c - amulet of magic regeneration
HPRegen  0.55/turn              (no ring)
MPRegen  0.33/turn              (no ring)

@: no status effects
A: large, unfitting armour, claws 3, fast metabolism 3, gourmand, regeneration
1, shaggy fur 1, tough skin 3
a: Recite, Vitalisation, Donate Gold, Renounce Religion


You were on level 3 of the Dungeon.
You worshipped Zin.
Zin was pleased with you.
You were not hungry.

You visited 1 branch of the dungeon, and saw 3 of its levels.

You collected 62 gold pieces.
You donated 6 gold pieces to Zin.

Inventory:

Armour
 a - a +0 robe (worn)
Jewellery
 c - an amulet of magic regeneration (around neck)
Scrolls
 e - a scroll of fog {unknown}
 f - a scroll of identify {unknown}
 g - a scroll of magic mapping {unknown}
 i - a scroll of fear {unknown}
Potions
 d - a potion of brilliance {unknown}
 h - a potion of degeneration {unknown}
Comestibles
 b - 4 rations


   Skills:
 + Level 3.0 Fighting
 - Level 2.4 Dodging
 - Level 1.0 Stealth
 * Level 4.4 Unarmed Combat


You had 3 spell levels left.
You didn't know any spells.
Your spell library was empty.

Dungeon Overview and Level Annotations

Branches:
Dungeon (3/15)

Altars:
Makhleb
Zin


Innate Abilities, Weirdness & Mutations

You are too large for most types of armour.
You have claws for hands.
Your metabolism is lightning-fast.
You like to eat raw meat.
Your natural rate of healing is unusually fast.
You are covered in fur. (AC +1)
You have extremely tough skin. (AC +3)


Message History

You barely miss the gnoll. The gnoll hits you with a +0 whip.
The rat bites you but does no damage.
The gnoll hits you from afar with a +3 spear.
The gnoll barely misses you.
You closely miss the rat. "...aloft a silver sceptre!
The hordes of the Abyss..."
The gnoll is dazed by your recitation.
You hear a shout!
You hear an angry hiss.
The gnoll barely misses you. The rat bites you. The gnoll closely misses you.
The gnoll is lost in a daze.
You scratch the rat.
You kill the rat! "...were castigated, and thus the way of things was maintained."
The kobold is dazed by your recitation.
The kobold shouts!
You finish reciting Apostates 24:49.
The bat barely misses you. The gnoll hits you with a +0 whip!
* * * LOW HITPOINT WARNING * * *
The gnoll hits you from afar with a +3 spear!
You die...

.## ### #.#.#.# ...
.. #.#... ...
#.###.....
#..##........
#..#.......## #
#...........#.###
#.#..gg##..........
...K..g@...<...>...
#.#...b##.#.########
#.... #.#.........
....... #.#########.
....... #.# ##..###
#.# #.. ... ## #.#
#+#


You could see 3 gnolls, a bat and a kobold (dazed).

Vanquished Creatures
  2 adders (D:2)
  A gnoll (D:3)
  An ooze (D:2)
  A worm (D:2)
  2 dart slugs (D:1)
  7 bats
  2 giant cockroaches (D:2)
  A goblin (D:2)
  3 hobgoblins
  6 kobolds
  A quokka (D:2)
  2 ball pythons
  2 frilled lizards
  5 rats
36 creatures vanquished.

Notes
Turn   | Place    | Note
-------+----------+-------------------------------------------
     0 | D:1      | Emblim88 the Troll Monk began the quest for the Orb.
     0 | D:1      | Reached XP level 1. HP: 22/22 MP: 0/0
   298 | D:1      | Reached XP level 2. HP: 26/29 MP: 1/1
   937 | D:2      | Reached XP level 3. HP: 36/36 MP: 2/2
  1086 | D:2      | Reached skill level 4 in Unarmed Combat
  1119 | D:2      | Found a glowing silver altar of Zin.
  1130 | D:2      | Became a worshipper of Zin the Law-Giver
  1130 | D:2      | Reached * piety under Zin
  1130 | D:2      | Reached ** piety under Zin
  1535 | D:2      | Found a burning altar of Makhleb.
  1539 | D:2      | Noticed a blizzard demon
  1585 | D:3      | Reached XP level 4. HP: 22/45 MP: 3/3
  1589 | D:3      | Slain by a gnoll

Levels and vault maps discovered:
D:1:      dpeg_arrival_round_c, layout_basic
D:2:      layout_basic, lemuel_crystal_altar, makhleb_altar_promises_db
D:3:      layout_basic, nicolae_overflow_crystal_walls, minmay_pentomino_pile

Skill      XL: |  1  2  3 |
---------------+----------+-----
Unarmed Combat | 4 |  4.4
Fighting       | 3 |  3.0
Dodging        | |  2.4
Stealth        | |  1.0

Action                   |  1- 3 |  4- 6 || total
-------------------------+-------+-------++-------
Melee: Unarmed           |    89 |     3 ||    92
       Punch             |     2 |       ||     2
Invok: Recite            |       |     1 ||     1
 Stab: Sleeping          |     2 |       ||     2
       Distracted        |     1 |       ||     1
  Eat: Chunk             |    12 |       ||    12
       Ration            |     1 |       ||     1
Armor: Robe              |    39 |     4 ||    43
Dodge: Dodged            |    38 |     5 ||    43

Table legend:
 A = Non-vault XP
 B = Vault XP
 C = Vault XP percentage of total XP
 D = Non-vault monster count
 E = Vault monster count
 F = Vault count percentage of total count
                 A         B        C        D         E       F
            +---------+---------+-------+---------+---------+-------
      Total |     105 |       0 |   0.0 |      36 |       0 |   0.0
            +---------+---------+-------+---------+---------+-------
        D:1 |      24 |       0 |   0.0 |      14 |       0 |   0.0
        D:2 |      66 |       0 |   0.0 |      20 |       0 |   0.0
        D:3 |      15 |       0 |   0.0 |       2 |       0 |   0.0
            +---------+---------+-------+---------+---------+-------
